 Dungeon Crawl Stone Soup version 0.23-a0-136-g722f094350 (webtiles) character file.

39097 Napalmbreeze the Nimble (level 13, -1/123 HPs)
             Began as a Deep Dwarf Fighter on Aug 28, 2018.
             Was a High Priest of Makhleb.
             Slain by a death yak (2 damage)
             ... on level 6 of the Lair of Beasts.
             The game lasted 00:43:18 (12465 turns).

Napalmbreeze the Nimble (Deep Dwarf Fighter)       Turns: 12465, Time: 00:43:19

Health: -1/123     AC: 21    Str: 26 (27) XL:     13   Next: 67%
Magic:  16/16      EV:  2    Int:  6 (9)  God:    Makhleb [*****.]
Gold:   966        SH:  0    Dex: 23      Spells: 14/14 levels left

rFire    . . .     SeeInvis +   q - +9 rapier "Wedihih" {speed, rPois Str+4 Dex+7}
rCold    . . .     Gourm    .   c - +0 shield
rNeg     + + +     Faith    .   J - +4 chain mail
rPois    ∞         Spirit   .   N - +0 hat {SInv}
rElec    .         Reflect  .   W - +1 cloak {rPois}
rCorr    .         Harm     .   o - +0 pair of gloves
MR       +....     Clarity  +   z - +0 pair of boots (curse)
Stlth    ..........             (no amulet)
HPRegen  0.00/turn              i - +3 ring of slaying
MPRegen  0.15/turn              y - +5 ring of evasion

@: petrified, non-regenerating
A: damage resistance, heal wounds, blink, clarity, sense surroundings 2, strong
1, no regeneration
a: Heal Wounds, Blink, Minor Destruction, Lesser Servant of Makhleb, Major
Destruction, Greater Servant of Makhleb, Renounce Religion


You were on level 6 of the Lair of Beasts.
You worshipped Makhleb.
Makhleb was extremely pleased with you.
You were hungry.

You visited 4 branches of the dungeon, and saw 17 of its levels.
You also visited: Labyrinth.

You collected 966 gold pieces.

Inventory:

Hand Weapons
 q - the +9 rapier "Wedihih" (weapon) {speed, rPois Str+4 Dex+7}
   (You found it on level 5 of the Dungeon)

   Attacks with this weapon are significantly faster.
   It affects your strength (+4).
   It affects your dexterity (+7).
   It protects you from poison.
 R - the +5 flail "Wusseq" {freeze, Str+2 Int+4}
   (You found it on level 2 of the Lair of Beasts)

   It has been specially enchanted to freeze those struck by it, causing extra
   injury to most foes and up to half again as much damage against particularly
   susceptible opponents.
   It can also slow down cold-blooded creatures.
   It affects your strength (+2).
   It affects your intelligence (+4).
Armour
 c - a +0 shield (worn)
 o - a +0 pair of gloves (worn)
 z - a cursed +0 pair of boots (worn)
 H - a +1 scale mail of cold resistance
 J - a +4 chain mail (worn)
 N - a +0 hat of see invisible (worn)
 W - a +1 cloak of poison resistance (worn)
Jewellery
 g - an uncursed ring of resist corrosion
 i - a +3 ring of slaying (left hand)
 y - a +5 ring of evasion (right hand)
 A - an uncursed ring of positive energy
 L - the ring of Brilliance {rPois rF+ Str+2 SInv}
   (You found it in a labyrinth)

   [ring of see invisible]

   It affects your strength (+2).
   It protects you from fire.
   It protects you from poison.
   It lets you see invisible.
 Y - an uncursed amulet of faith
Wands
 Z - a wand of digging (11)
Scrolls
 e - 11 scrolls of teleportation
 h - 7 scrolls of remove curse
 j - a scroll of identify
 m - 3 scrolls of blinking
 n - 4 scrolls of enchant weapon
 r - 3 scrolls of amnesia
 u - 2 scrolls of enchant armour
 v - 4 scrolls of fear
 x - 3 scrolls of magic mapping
 I - 2 scrolls of fog
Potions
 d - 3 potions of might
 l - a potion of mutation
 p - 7 potions of curing
 t - 2 potions of flight
 B - 2 potions of invisibility
 E - 2 potions of heal wounds
 S - a potion of ambrosia
 T - a potion of haste
Comestibles
 a - 9 chunks of flesh
 f - 26 rations


   Skills:
 - Level 10.0 Fighting
 + Level 8.9 Short Blades
 - Level 4.9 Maces & Flails
 + Level 11.6 Armour
 + Level 11.7 Dodging
 + Level 10.6 Shields
 - Level 1.3 Spellcasting
 * Level 9.1 Invocations


You had 14 spell levels left.
You didn't know any spells.
Your spell library contained the following spells:

 Spells                   Type           Power        Failure   Level  Hunger
 Confusing Touch          Hex            #.....       98%         1    ##.....
 Freeze                   Ice            #...         98%         1    ##.....
 Magic Dart               Conj           #...         98%         1    ##.....
 Sandblast                Erth           #.....       98%         1    ##.....
 Shock                    Conj/Air       #...         98%         1    ##.....
 Blink                    Tloc           N/A          99%         2    ###....
 Call Imp                 Summ           #.......     99%         2    ###....
 Passwall                 Tmut/Erth      #.......     99%         2    ###....
 Slow                     Hex            #.......     99%         2    ###....
 Swiftness                Chrm/Air       #.......     99%         2    ###....
 Throw Frost              Conj/Ice       #.....       99%         2    ###....
 Confuse                  Hex            #.......     100%        3    ####...
 Conjure Flame            Conj/Fire      #.......     100%        3    ####...
 Gell's Gravitas          Tloc           #.........   100%        3    ####...
 Mephitic Cloud           Conj/Pois/Air  #.......     100%        3    ####...
 Ozocubu's Armour         Chrm/Ice       #.......     100%        3    ####...
 Static Discharge         Conj/Air       #.......     100%        3    ####...
 Stone Arrow              Conj/Erth      #.....       100%        3    ####...
 Airstrike                Air            #.........   100%        4    #####..
 Cause Fear               Hex            #.........   100%        4    #####..
 Petrify                  Tmut/Erth      #.......     100%        4    #####..
 Summon Ice Beast         Ice/Summ       #.......     100%        4    #####..
 Throw Icicle             Conj/Ice       #.......     100%        4    #####..
 Lee's Rapid Deconstruct  Erth           #.........   100%        5    ######.
 Lightning Bolt           Conj/Air       #.........   100%        5    ######.
 Metabolic Englaciation   Hex/Ice        #.........   100%        5    ######.
 Silence                  Hex/Air        #.........   100%        5    ######.
 Yara's Violent Unravell  Hex/Tmut       #.........   100%        5    ######.
 Deflect Missiles         Chrm/Air       #.........   100%        6    #######
 Discord                  Hex            #.........   100%        8    #######


Dungeon Overview and Level Annotations

Branches:
Dungeon (9/15)             Temple (1/1) D:6            Lair (6/6) D:9
 Shoals (0/4) Lair:2        Snake (1/4) Lair:3        Slime (0/5) Lair:5
    Orc (0/2) D:9

Altars:
Ashenzari
Cheibriados
Dithmenos
Elyvilon
Fedhas
Gozag
Hepliaklqana
Kikubaaqudgha
Makhleb
Nemelex Xobeh
Okawaru
Qazlal
Ru
Sif Muna
Trog
Uskayaw
Vehumet
Wu Jian
Xom
Yredelemnul
Zin
The Shining One

Shops:
D:4 *   D:8 !


Innate Abilities, Weirdness & Mutations

You are resistant to damage.
You can heal yourself by infusing magical energy.
You passively map the area around you.
You do not regenerate.
You can translocate small distances at will.
You possess an exceptional clarity of mind.
Your muscles are strong. (Str +2)


Message History

The catoblepas gores you.
The death yak gores you but does no damage.
The death yak gores the plant!
You are engulfed in calcifying dust.
The death yak gores you!
* * * LOW HITPOINT WARNING * * *
The death yak barely misses you.
The catoblepas gores you but does no damage.
The death yak gores you!
* * * LOW HITPOINT WARNING * * *
The death yak gores the plant.
You are engulfed in calcifying dust.
The death yak gores you!
* * * LOW HITPOINT WARNING * * *
The death yak gores you but does no damage.
The catoblepas gores you but does no damage.
The death yak gores you.
* * * LOW HITPOINT WARNING * * *
The death yak gores the plant!
The death yak gores you but does no damage.
The death yak gores you!
You die...

##..♣#####***
#.P......,, *
#P....##
*#...÷.#
##.#÷...# * ,
##Y.#Y...Y.#
##.Y##..YY.÷.
,, #.YY#
...#Y.8 * ,,,
#YY@# ...#
.., *, #PY♣#
.### . ,, ,
#...# .., , *
, , ##..# ,,
, , #..## , 8
, * #...#, ,
#...## ,, ,
#.÷..# 8, *,#
#....## ,
*#.#


You could see 6 death yaks and a catoblepas.

Vanquished Creatures
  Gastronok (Lair:1)
  A minotaur (Lab)
  Snorg (Lair:3)
  A hydra (Lair:2)
  Harold (D:8)
  Erica (D:8)
  The ghost of loom the Spear-Bearer, a novice OgSk of Dithmenos (D:6)
  13 elephants
  A torpor snail (Lair:5)
  5 black mambas
  2 gargoyles (Lab)
  9 spiny frogs
  6 komodo dragons
  A rime drake (Lair:1)
  A minotaur zombie (Lab)
  5 blink frogs
  3 polar bears
  2 hornets
  Grinder (D:3)
  A snapping turtle (Lair:2)
  3 redbacks (Lab)
  7 hippogriffs
  Sigmund (D:4)
  4 wyverns
  A shadow (Lab)
  34 yaks
  2 hungry ghosts (Lab)
  2 basilisks
  9 water moccasins
  2 black bears
  5 orc warriors
  11 porcupines
  3 sky beasts
  4 phantoms
  6 ice beasts
  2 necrophages
  7 wolves
  5 centaurs
  4 ogres
  8 crocodiles
  18 bullfrogs
  A gnoll sergeant (D:9)
  A wyvern skeleton (D:8)
  A scorpion (D:6)
  5 wights (D:8)
  6 killer bees (D:7)
  4 howler monkeys
  2 centaur zombies
  A crimson imp (D:9)
  A jelly (D:6)
  A quasit (D:5)
  3 bullfrog skeletons
  3 centaur skeletons
  9 hounds
  12 orc wizards
  4 orc priests
  A gnoll shaman (D:9)
  Ijyb (D:3)
  7 hell rats (Lair:4)
  3 iguanas
  11 worker ants
  A killer bee zombie (D:9)
  A howler monkey zombie (D:6)
  2 worker ant zombies (D:7)
  Robin (D:4)
  10 adders
  19 gnolls
  4 shadow imps
  An adder skeleton (D:4)
  2 adder zombies
  3 worms
  2 dart slugs
  3 leopard geckos
  35 orcs
  A ball python (D:4)
  5 giant cockroaches
  12 hobgoblins
  20 jackals
  6 quokkas
  5 bats
  2 frilled lizards
  12 goblins
  6 kobolds
  A leopard gecko zombie (D:9)
  7 rats
433 creatures vanquished.

Vanquished Creatures (collateral kills)
  Rupert (Lair:3)
  3 oklob plants (Lair:5)
  A blink frog (Lair:3)
  A hippogriff (Lair:3)
  A crocodile (Lair:2)
7 creatures vanquished.

Vanquished Creatures (others)
  2 fungi
  3 plants (Lair:6)
5 creatures vanquished.

Grand Total: 445 creatures vanquished

Notes
Turn   | Place    | Note
-------+----------+-------------------------------------------
     0 | D:1      | Napalmbreeze the Deep Dwarf Fighter began the quest for the
                  | Orb.
     0 | D:1      | Reached XP level 1. HP: 20/20 MP: 1/1
   328 | D:1      | Reached XP level 2. HP: 22/27 MP: 2/2
   749 | D:2      | Reached skill level 1 in Dodging
  1065 | D:2      | Reached XP level 3. HP: 25/34 MP: 0/3
  1526 | D:3      | Noticed Grinder
  1526 | D:3      | Noticed Ijyb
  1571 | D:3      | Reached XP level 4. HP: 40/42 MP: 0/3
  1633 | D:3      | Paralysed by Grinder for 6 turns
  1644 | D:3      | Paralysed by Grinder for 3 turns
  1657 | D:3      | Paralysed by Grinder for 7 turns
  1675 | D:3      | Killed Grinder
  1675 | D:3      | Reached skill level 1 in Spellcasting
  1675 | D:3      | Reached XP level 5. HP: 29/49 MP: 0/4
  1675 | D:3      | Reached XP level 6. HP: 33/56 MP: 0/5
  1795 | D:3      | Killed Ijyb
  2192 | D:4      | Found an opulent altar of Gozag.
  2339 | D:4      | Found a sacrificial altar of Ru.
  2351 | D:4      | Reached XP level 7. HP: 54/63 MP: 0/6
  2533 | D:4      | Reached skill level 5 in Armour
  2533 | D:4      | Reached skill level 5 in Dodging
  2703 | D:4      | Noticed Robin
  2722 | D:4      | Killed Robin
  3108 | D:4      | Found Qapn's Assorted Antiques.
  3108 | D:4      | Noticed Sigmund
  3115 | D:4      | Killed Sigmund
  3115 | D:4      | Reached skill level 5 in Fighting
  3115 | D:4      | Reached XP level 8. HP: 58/74 MP: 0/7
  3313 | D:5      | Entered Level 5 of the Dungeon
  3608 | D:5      | Got a sapphire rapier
  3609 | D:5      | Identified the +9 rapier "Wedihih" {speed, rPois Str+4
                  | Dex+7} (You found it on level 5 of the Dungeon)
  4009 | D:6      | Reached skill level 1 in Short Blades
  4037 | D:6      | Found a staircase to the Ecumenical Temple.
  4051 | Temple   | Entered the Ecumenical Temple
  4560 | D:6      | Found a runed door.
  4561 | D:6      | Noticed loom's ghost (novice OgSk)
  4585 | D:6      | Killed loom's ghost
  4585 | D:6      | Gained mutation: You passively map the area around you.
                  | [Deep Dwarf growth]
  4585 | D:6      | Reached XP level 9. HP: 54/81 MP: 0/8
  5181 | D:7      | Reached XP level 10. HP: 91/91 MP: 0/9
  5380 | D:7      | Found an ancient bone altar of Kikubaaqudgha.
  5381 | D:7      | Found a burning altar of Makhleb.
  5385 | D:7      | Became a worshipper of Makhleb the Destroyer
  5731 | D:8      | Noticed Erica
  5744 | D:8      | Reached skill level 5 in Shields
  5758 | D:8      | Killed Erica
  5782 | D:8      | Noticed Harold
  5799 | D:8      | Killed Harold
  5916 | D:8      | Reached * piety under Makhleb
  6014 | D:8      | Found Nioploho's Distillery.
  6185 | D:9      | Reached skill level 1 in Invocations
  6228 | D:9      | Reached XP level 11. HP: 80/100 MP: 0/10
  6290 | D:9      | Found a basalt altar of Yredelemnul.
  6315 | D:9      | Reached ** piety under Makhleb
  6334 | D:9      | Found an iron altar of Okawaru.
  6412 | D:9      | Found a staircase to the Orcish Mines.
  6477 | D:9      | Reached *** piety under Makhleb
  6551 | D:9      | Found a hazy altar of Hepliaklqana.
  6827 | D:9      | Found a staircase to the Lair.
  7144 | Lair:1   | Entered Level 1 of the Lair of Beasts
  7185 | Lair:1   | Reached skill level 5 in Invocations
  7206 | Lair:1   | Reached **** piety under Makhleb
  7227 | Lair:1   | Noticed Gastronok
  7246 | Lair:1   | Found a labyrinth entrance.
  7254 | Lab      | Entered a labyrinth
  7601 | Lab      | Noticed a minotaur
  7616 | Lab      | Killed a minotaur
  7660 | Lab      | Got a faintly glowing marble ring
  7704 | Lair:1   | Killed Gastronok
  7704 | Lair:1   | Reached XP level 12. HP: 67/112 MP: 13/15
  8653 | Lair:2   | Found a staircase to the Shoals.
  8875 | Lair:2   | Reached skill level 10 in Dodging
  8924 | Lair:2   | Noticed a four-headed hydra
  8936 | Lair:2   | Killed a four-headed hydra
  8941 | Lair:2   | Reached skill level 10 in Armour
  9363 | Lair:2   | Got a polished flail
  9366 | Lair:2   | Identified the +5 flail "Wusseq" {freeze, Str+2 Int+4} (You
                  | found it on level 2 of the Lair of Beasts)
  9367 | Lair:2   | Identified the ring of Brilliance {rPois rF+ Str+2 SInv}
                  | (You found it in a labyrinth)
  9447 | Lair:3   | Found a staircase to the Snake Pit.
  9569 | Lair:3   | Noticed Rupert
  9577 | Lair:3   | Paralysed by Rupert for 6 turns
  9582 | Lair:3   | Killed Rupert
  9705 | Lair:3   | Noticed Snorg
  9716 | Lair:3   | Killed Snorg
  9796 | Lair:3   | Found a radiant altar of Vehumet.
  9989 | Lair:3   | Reached XP level 13. HP: 121/121 MP: 16/16
 10155 | Snake:1  | Entered Level 1 of the Snake Pit
 10280 | Lair:4   | Reached ***** piety under Makhleb
 10350 | Lair:4   | Reached skill level 10 in Shields
 11342 | Lair:5   | Found a staircase to the Slime Pits.
 11670 | Lair:6   | Entered Level 6 of the Lair of Beasts
 11780 | Lair:5   | Reached skill level 10 in Fighting
 11981 | Lair:5   | Gained mutation: You have large cloven feet. [potion of
                  | mutation]
 11981 | Lair:5   | Gained mutation: Armour fits poorly on your strangely
                  | shaped body. [potion of mutation]
 11981 | Lair:5   | Gained mutation: You can translocate small distances at
                  | will. [potion of mutation]
 11982 | Lair:5   | Lost mutation: You have large cloven feet. [potion of
                  | mutation]
 11982 | Lair:5   | Lost mutation: Armour fits poorly on your strangely shaped
                  | body. [potion of mutation]
 11982 | Lair:5   | Gained mutation: You possess an exceptional clarity of
                  | mind. [potion of mutation]
 11982 | Lair:5   | Gained mutation: Your muscles are strong. (Str +2) [potion
                  | of mutation]
 12464 | Lair:6   | HP: 3/123 [death yak (4)]
 12464 | Lair:6   | HP: 1/123 [death yak (2)]
 12465 | Lair:6   | Slain by a death yak

Vault maps used:
D:1:      erik_arrival_blinker_ship
D:3:      first_ration, uniq_grinder, uniq_ijyb
D:4:      grunt_gozag_breadcrumbs, nicolae_ru_great_annihilating_truth,
          serial_shops, kennysheep_little_box, uniq_robin, uniq_sigmund,
          uniq_natasha
D:6:      kennysheep_spiral_hall, minmay_temple_entry_glassed_door,
          ebering_ghost_reflecting_pool
D:7:      gammafunk_temple_overflow_statue
D:8:      serial_shops, shop_coins, uniq_erica, uniq_harold
D:9:      yredelemnul_altar_generic, nicolae_overflow_hidden_temple,
          grunt_lair_entry_orc_guard_hut, david_orc_2, serial_gnoll_camp,
          gnoll_camp_mini_hut, gnoll_camp_mini_doghouse,
          gnoll_camp_mini_doghouse, gnoll_camp_mini_doghouse,
          gnoll_camp_medium_01, basic_altar, st_stairs_5
Temple:   nicolae_temple_elliptical
Lair:1:   lab_entry_generic, uniq_gastronok
Lair:2:   minmay_shoals_entry_hut, st_stairs_4
Lair:3:   dummy_snake_entry, basic_altar, grunt_megastairs_4, uniq_rupert,
          uniq_snorg
Lair:4:   st_stairs_3
Lair:5:   minmay_slime_entry_oklob_enclosed, beast_lair_carwin_11
Lair:6:   grunt_lair_end_beastmaster, grunt_forest_small_clearings,
          minivault_24, grunt_megastairs_2
Snake:1:  nicolae_snake_nest, gammafunk_ghost_necromancy, uniq_josephine
Lab:      labyrinth_hidden_loot, nicolae_lab_stuck, nicolae_lab_hexagon,
          nicolae_lab_big_swirl, nicolae_lab_garden, lab_fountain,
          nicolae_lab_blocks

Skill      XL: |  1  2  3  4  5  6  7  8  9 10 11 12 13 |
---------------+----------------------------------------+-----
Dodging        | 1 2 3 4 5 6 8 9 10 11 | 11.7
Fighting       | 3 5 6 7 8 9 10 | 10.0
Maces & Flails | 3 4 |  4.9
Armour         | 4 5 6 8 9 10 11 | 11.6
Spellcasting   | 1 |  1.3
Short Blades   | 6 7 8 |  8.9
Shields        | 4 6 8 9 10 | 10.6
Invocations    | 1 8 9 |  9.1

Action                   |  1- 3 |  4- 6 |  7- 9 | 10-12 | 13-15 || total
-------------------------+-------+-------+-------+-------+-------++-------
Melee: Flail             |    87 |   126 |   214 |       |       ||   427
       Rapier            |       |       |   175 |   763 |   431 ||  1369
Invok: Major Destruction |       |       |       |     3 |       ||     3
       Minor Destruction |       |       |       |     1 |       ||     1
       Lesser Servant of |       |       |       |     4 |     6 ||    10
 Abil: Heal Wounds       |     1 |     3 |     8 |     4 |       ||    16
  Use: Scroll            |       |       |     3 |     3 |    14 ||    20
       Potion            |       |       |       |       |     9 ||     9
 Stab: Distracted        |       |       |       |     1 |       ||     1
  Eat: Chunk             |     2 |     3 |     6 |    13 |     8 ||    32
       Ration            |       |       |     1 |     1 |       ||     2
Armor: Scale mail        |    28 |    63 |   151 |    45 |       ||   287
       Chain mail        |       |       |       |   134 |   118 ||   252
Dodge: Dodged            |    17 |    55 |   228 |   525 |   309 ||  1134
Block: Shield            |    45 |    66 |   253 |   475 |   303 ||  1142

Table legend:
 A = Non-vault XP
 B = Vault XP
 C = Vault XP percentage of total XP
 D = Non-vault monster count
 E = Vault monster count
 F = Vault count percentage of total count
                 A         B        C        D         E       F
            +---------+---------+-------+---------+---------+-------
      Total |   35340 |   20513 |  36.7 |     328 |     112 |  25.5
            +---------+---------+-------+---------+---------+-------
        D:1 |      17 |       0 |   0.0 |      10 |       0 |   0.0
        D:2 |      47 |       0 |   0.0 |      18 |       0 |   0.0
        D:3 |     115 |     303 |  72.5 |      21 |       2 |   8.7
        D:4 |     833 |     314 |  27.4 |      34 |      16 |  32.0
        D:5 |     430 |       0 |   0.0 |       8 |       0 |   0.0
        D:6 |    1225 |    1071 |  46.6 |      31 |       4 |  11.4
        D:7 |    1922 |       0 |   0.0 |      27 |       0 |   0.0
        D:8 |    1912 |    1889 |  49.7 |      29 |       2 |   6.5
        D:9 |    2463 |    1855 |  43.0 |      33 |      51 |  60.7
     Lair:1 |    3938 |    2109 |  34.9 |      19 |       1 |   5.0
     Lair:2 |    5934 |     403 |   6.4 |      20 |       2 |   9.1
     Lair:3 |    4355 |    3312 |  43.2 |      22 |       6 |  21.4
     Lair:4 |    5574 |     433 |   7.2 |      27 |       1 |   3.6
     Lair:5 |    3834 |    2674 |  41.1 |      15 |      11 |  42.3
     Lair:6 |    2741 |    2446 |  47.2 |      14 |       6 |  30.0
        Lab |       0 |    3704 | 100.0 |       0 |      10 | 100.0
            +---------+---------+-------+---------+---------+-------
